FLO
DUNEDIN BLUE JAYS @ FLORIDA FIRE FROGS
04/04/2024
 
TOP OF THE 1ST
Dunedin Blue Jays batting - Pitching for Florida Fire Frogs : LHP Adam Laskey
Pitching: LHP Adam Laskey
Batting: LHB Steve Smith 0-0: Foul Ball, location: 5SF
0-1: Fly out, F2 (Popup, 2LF, EV 95.0 MPH)
Batting: RHB Juan Pérez 0-0: SINGLE (Line Drive, 4MD, EV 96.9 MPH)
Batting: RHB Tomás Guzmán 0-0: Ball
1-0: Ball
2-0: Reached on error, E6 (Groundball, 6, EV 83.1 MPH)
Juan Pérez to second
Batting: SHB Jason Huber 0-0: Called Strike
0-1: Ball
1-1: Ball
2-1: Swinging Strike
2-2: Ball
3-2: Strikes out swinging
Batting: LHB Tim Hall 0-0: Called Strike
0-1: Called Strike
0-2: Strikes out swinging
Top of the 1st over - 0 runs, 1 hit, 1 error, 2 left on base; Dunedin 0 - Florida 0
BOTTOM OF THE 1ST
Florida Fire Frogs batting - Pitching for Dunedin Blue Jays : RHP Case Williams
Pitching: RHP Case Williams
Batting: RHB Freddy Colón 0-0: Ball
1-0: Called Strike
1-1: Called Strike
1-2: Fly out, F9 (Flyball, 9LS, EV 91.9 MPH)
Batting: LHB Anthony Bando 0-0: Foul Ball, location: 2F
0-1: Swinging Strike
0-2: Ball
1-2: Ball
2-2: Foul Ball, location: 2F
2-2: Foul Ball, location: 2F
2-2: Strikes out swinging
Batting: LHB Logan Jones 0-0: Ball
1-0: Called Strike
1-1: Ball
2-1: Called Strike
2-2: Strikes out swinging
Bottom of the 1st over - 0 runs, 0 hits, 0 errors, 0 left on base; Dunedin 0 - Florida 0
TOP OF THE 2ND
Dunedin Blue Jays batting - Pitching for Florida Fire Frogs : LHP Adam Laskey
Batting: RHB Eric Greene 0-0: Swinging Strike
0-1: Ground out 6-3 (Groundball, 6, EV 90.0 MPH)
Batting: RHB Ambrose Kennedy 0-0: Foul Ball, location: 2F
0-1: Fly out, F9 (Flyball, 89M, EV 96.9 MPH)
Batting: LHB Edward Gross 0-0: Called Strike
0-1: Ball
1-1: Ball
2-1: Ball
3-1: Called Strike
3-2: Strikes out swinging
Top of the 2nd over - 0 runs, 0 hits, 0 errors, 0 left on base; Dunedin 0 - Florida 0
BOTTOM OF THE 2ND
Florida Fire Frogs batting - Pitching for Dunedin Blue Jays : RHP Case Williams
Batting: RHB David Wood 0-0: Foul Ball, location: 5FF
0-1: Ball
1-1: Foul Ball, location: 2F
1-2: Ball
2-2: Strikes out swinging
Batting: RHB Don Boulter 0-0: Foul Ball, location: 5F
0-1: Ball
1-1: Ball
2-1: Fly out, F7 (Flyball, 7, EV 90.0 MPH)
Batting: RHB Jaden Cabrera 0-0: Ball
1-0: SINGLE (Groundball, 5S, EV 63.1 MPH) (infield hit)
Batting: RHB Claudio Torres 0-0: Called Strike
Jaden Cabrera is caught stealing 2nd base 2-4
Bottom of the 2nd over - 0 runs, 1 hit, 0 errors, 0 left on base; Dunedin 0 - Florida 0
TOP OF THE 3RD
Dunedin Blue Jays batting - Pitching for Florida Fire Frogs : LHP Adam Laskey
Batting: RHB Bill Foxton 0-0: Ground out 4-3 (Groundball, 4, EV 81.9 MPH)
Batting: LHB Steve Smith 0-0: Foul Ball, location: 3F
0-1: Ball
1-1: Foul Ball, location: 7LMF
1-2: Strikes out looking
Batting: RHB Juan Pérez 0-0: Swinging Strike
0-1: Called Strike
0-2: Ball
1-2: Strikes out looking
Top of the 3rd over - 0 runs, 0 hits, 0 errors, 0 left on base; Dunedin 0 - Florida 0
BOTTOM OF THE 3RD
Florida Fire Frogs batting - Pitching for Dunedin Blue Jays : RHP Case Williams
Batting: RHB Claudio Torres 0-0: Ball
1-0: Ball
2-0: Fly out, F4 (Popup, 23, EV 90.0 MPH)
Batting: RHB Richard Williams 0-0: Called Strike
0-1: DOUBLE (Flyball, 78D, EV 97.5 MPH)
Batting: RHB Len Jones 0-0: Fly out, F2 (Popup, 2R, EV 95.6 MPH)
Batting: RHB Freddy Colón 0-0: Ball
1-0: Fly out, F8 (Flyball, 78S, EV 92.5 MPH)
Bottom of the 3rd over - 0 runs, 1 hit, 0 errors, 1 left on base; Dunedin 0 - Florida 0
TOP OF THE 4TH
Dunedin Blue Jays batting - Pitching for Florida Fire Frogs : LHP Adam Laskey
Batting: RHB Tomás Guzmán 0-0: Swinging Strike
0-1: Ball
1-1: Swinging Strike
1-2: Strikes out swinging
Batting: SHB Jason Huber 0-0: Ball
1-0: Swinging Strike
1-1: Called Strike
1-2: Ball
2-2: Foul Ball, location: 9LMF
2-2: Foul Ball, location: 2F
2-2: Strikes out swinging
Batting: LHB Tim Hall 0-0: Ball
1-0: Foul Ball, location: 2F
1-1: Ground out 4-3 (Groundball, 4, EV 85.0 MPH)
Top of the 4th over - 0 runs, 0 hits, 0 errors, 0 left on base; Dunedin 0 - Florida 0
BOTTOM OF THE 4TH
Florida Fire Frogs batting - Pitching for Dunedin Blue Jays : RHP Case Williams
Batting: LHB Anthony Bando 0-0: Foul Ball, location: 2F
0-1: Fly out, F8 (Line Drive, 89M, EV 95.6 MPH)
Batting: LHB Logan Jones 0-0: Ball
1-0: Called Strike
1-1: SINGLE (Groundball, 4MD, EV 106.3 MPH)
Batting: RHB David Wood 0-0: Called Strike
0-1: Fly out, F9 (Flyball, 9, EV 82.5 MPH)
Batting: RHB Don Boulter 0-0: Ball
Wild Pitch!
Logan Jones to second
1-0: Fly out, F8 (Line Drive, 8RM, EV 100.0 MPH)
Bottom of the 4th over - 0 runs, 1 hit, 0 errors, 1 left on base; Dunedin 0 - Florida 0
TOP OF THE 5TH
Dunedin Blue Jays batting - Pitching for Florida Fire Frogs : LHP Adam Laskey
Batting: RHB Eric Greene 0-0: Ball
1-0: Called Strike
1-1: Ball
2-1: Ground out 5-3 (Groundball, 5, EV 93.8 MPH)
Batting: RHB Ambrose Kennedy 0-0: Called Strike
0-1: Called Strike
0-2: Strikes out swinging
Batting: LHB Edward Gross 0-0: Ball
1-0: Fly out, F6 (Popup, 6, EV 61.9 MPH)
Top of the 5th over - 0 runs, 0 hits, 0 errors, 0 left on base; Dunedin 0 - Florida 0
BOTTOM OF THE 5TH
Florida Fire Frogs batting - Pitching for Dunedin Blue Jays : RHP Case Williams
Batting: RHB Jaden Cabrera 0-0: Called Strike
0-1: Foul Ball, location: 2F
0-2: SOLO HOME RUN (Line Drive, 7LD, EV 96.3 MPH), Distance : 361 ft
Batting: RHB Claudio Torres 0-0: Called Strike
0-1: Ball
1-1: Swinging Strike
1-2: Foul Ball, location: 23F
1-2: Foul Ball, location: 7LSF
1-2: Ball
2-2: SOLO HOME RUN (Flyball, 9D, EV 101.3 MPH), Distance : 387 ft
Batting: RHB Richard Williams 0-0: Foul Ball, location: 2LF
0-1: Ball
1-1: Hit by Pitch
Batting: RHB Len Jones 0-0: Fly out, F9 (Flyball, 9, EV 68.1 MPH)
Batting: RHB Freddy Colón 0-0: Called Strike
0-1: SINGLE (Line Drive, 78S, EV 89.4 MPH)
Richard Williams to second
Batting: LHB Anthony Bando 0-0: Called Strike
0-1: Swinging Strike
0-2: Ball
1-2: Strikes out swinging
Batting: LHB Logan Jones 0-0: Ball
1-0: Foul Ball, location: 7LDF
1-1: Ball
2-1: Swinging Strike
2-2: Foul Ball, location: 2F
2-2: Ground out 4-3 (Groundball, 4, EV 108.1 MPH)
Bottom of the 5th over - 2 runs, 3 hits, 0 errors, 2 left on base; Dunedin 0 - Florida 2
TOP OF THE 6TH
Dunedin Blue Jays batting - Pitching for Florida Fire Frogs : LHP Adam Laskey
Batting: RHB Bill Foxton 0-0: Ball
1-0: Ball
2-0: Ground out 6-3 (Groundball, 56, EV 108.8 MPH)
Batting: LHB Steve Smith 0-0: Foul Ball, location: 7LDF
0-1: Ball
1-1: SINGLE (Groundball, 34D, EV 100.6 MPH)
Batting: RHB Juan Pérez 0-0: Swinging Strike
0-1: Ball
1-1: SINGLE (Groundball, 4MD, EV 105.0 MPH)
Steve Smith to second
Runner from 2nd tries for 3rd, SAFE, no throw by CF
Batting: RHB Tomás Guzmán 0-0: Ball
1-0: Called Strike
1-1: SINGLE (Groundball, 34D, EV 101.3 MPH)
Steve Smith scores
Juan Pérez to second
Runner from 2nd tries for 3rd, SAFE, no throw by RF
Batting: SHB Jason Huber 0-0: Ball
1-0: Called Strike
1-1: Ball
2-1: Called Strike
2-2: Ball
3-2: Base on Balls
Tomás Guzmán to second
Batting: LHB Tim Hall 0-0: Ball
1-0: Swinging Strike
1-1: Swinging Strike
1-2: Foul Ball, location: 3SF
1-2: Foul Ball, location: 25FF
1-2: Strikes out swinging
Batting: RHB Eric Greene 0-0: Ball
1-0: Foul Ball, location: 23F
1-1: DOUBLE (Groundball, 5L, EV 96.9 MPH)
Juan Pérez scores
Tomás Guzmán scores
Jason Huber to third
Batting: RHB Ambrose Kennedy 0-0: Ball
1-0: SINGLE (Line Drive, 3D, EV 94.4 MPH)
Jason Huber scores
Eric Greene to third
Runner from 3rd tries for Home, SAFE, throw by RF to home
Ambrose Kennedy to second
Pitching: RHP Jeremy Edwards
Batting: LHB Edward Gross 0-0: Ball
1-0: SINGLE (Groundball, 34, EV 82.5 MPH) (infield hit)
Ambrose Kennedy to third
Batting: RHB Bill Foxton 0-0: Called Strike
0-1: Ball
1-1: Foul Ball, location: 23F
1-2: Strikes out looking
Top of the 6th over - 5 runs, 6 hits, 0 errors, 2 left on base; Dunedin 5 - Florida 2
BOTTOM OF THE 6TH
Florida Fire Frogs batting - Pitching for Dunedin Blue Jays : RHP Case Williams
Batting: RHB David Wood 0-0: Fly out, F8 (Line Drive, 8LM, EV 85.6 MPH)
Batting: RHB Don Boulter 0-0: Foul Ball, location: 3DF
0-1: Ball
1-1: Ball
2-1: Foul Ball, location: 5SF
2-2: Foul Ball, location: 9LMF
2-2: Strikes out swinging
Batting: RHB Jaden Cabrera 0-0: Foul Ball, location: 3FF
0-1: Ball
1-1: Ball
2-1: Fly out, F9 (Line Drive, 9, EV 97.5 MPH)
Bottom of the 6th over - 0 runs, 0 hits, 0 errors, 0 left on base; Dunedin 5 - Florida 2
TOP OF THE 7TH
Dunedin Blue Jays batting - Pitching for Florida Fire Frogs : RHP Jeremy Edwards
Batting: LHB Steve Smith 0-0: Called Strike
0-1: Called Strike
0-2: Strikes out looking
Batting: RHB Juan Pérez 0-0: Ball
1-0: Ball
2-0: DOUBLE (Groundball, 5L, EV 93.8 MPH)
Batting: RHB Tomás Guzmán 0-0: Ball
1-0: Fly out, F9 (Flyball, 9D, EV 94.4 MPH)
Runner from 2nd tags up, SAFE at 3rd, no throw by RF
Batting: SHB Jason Huber 0-0: Swinging Strike
0-1: Ball
1-1: Ball
2-1: Foul Ball, location: 2LF
2-2: Foul Ball, location: 2F
2-2: Ball
3-2: Strikes out swinging
Top of the 7th over - 0 runs, 1 hit, 0 errors, 1 left on base; Dunedin 5 - Florida 2
BOTTOM OF THE 7TH
Florida Fire Frogs batting - Pitching for Dunedin Blue Jays : RHP Case Williams
Batting: RHB Claudio Torres 0-0: Ball
1-0: Called Strike
1-1: Ball
2-1: Ball
3-1: Called Strike
3-2: Strikes out swinging
Pitching: RHP Barrett Gray
Pinch Hitting: LHB Richard Studdert 0-0: Foul Ball, location: 9LDF
0-1: Foul Ball, location: 3F
0-2: Strikes out swinging
Batting: RHB Len Jones 0-0: Ball
1-0: Ball
2-0: Called Strike
2-1: Swinging Strike
2-2: Ground out 5-3 (Groundball, 56S, EV 66.3 MPH)
Bottom of the 7th over - 0 runs, 0 hits, 0 errors, 0 left on base; Dunedin 5 - Florida 2
TOP OF THE 8TH
Dunedin Blue Jays batting - Pitching for Florida Fire Frogs : RHP Jeremy Edwards
Pitching: RHP Brian Thorne
Now at 2B: Norberto Garza
Batting: LHB Tim Hall 0-0: Foul Ball, location: 5F
0-1: SINGLE (Line Drive, 6M, EV 105.0 MPH)
Batting: RHB Eric Greene 0-0: Fly out, F7 (Flyball, 78M, EV 90.6 MPH)
Batting: RHB Ambrose Kennedy 0-0: Ground out 5-3 (Groundball, 6S, EV 65.6 MPH)
Tim Hall to second
Batting: LHB Edward Gross 0-0: Foul Ball, location: 2LF
0-1: SINGLE (Line Drive, 9LM, EV 88.8 MPH)
Tim Hall to third
Runner from 3rd tries for Home, SAFE, throw by RF to home
Batting: RHB Bill Foxton 0-0: Ball
1-0: Ball
Edward Gross is caught stealing 2nd base 2-4
Top of the 8th over - 1 run, 2 hits, 0 errors, 0 left on base; Dunedin 6 - Florida 2
BOTTOM OF THE 8TH
Florida Fire Frogs batting - Pitching for Dunedin Blue Jays : RHP Barrett Gray
Batting: RHB Freddy Colón 0-0: Ball
1-0: Ball
2-0: Foul Ball, location: 9LMF
2-1: Ground out 6-3 (Groundball, 6M, EV 104.4 MPH)
Batting: LHB Anthony Bando 0-0: Ball
1-0: Foul Ball, location: 2F
1-1: Ball
2-1: SINGLE (Line Drive, 8LS, EV 99.4 MPH)
Batting: LHB Logan Jones 0-0: Called Strike
0-1: Grounds into double play, U6-3 (Groundball, 6M, EV 85.6 MPH)
Bottom of the 8th over - 0 runs, 1 hit, 0 errors, 0 left on base; Dunedin 6 - Florida 2
TOP OF THE 9TH
Dunedin Blue Jays batting - Pitching for Florida Fire Frogs : RHP Brian Thorne
Batting: RHB Bill Foxton 0-0: Ball
1-0: Ball
2-0: Called Strike
2-1: Swinging Strike
2-2: Foul Ball, location: 9LSF
2-2: Ground out 5-3 (Groundball, 56, EV 86.9 MPH)
Batting: LHB Steve Smith 0-0: Foul Ball, location: 2F
0-1: Ball
1-1: Ball
2-1: Swinging Strike
2-2: Fly out, F6 (Line Drive, 6, EV 66.3 MPH)
Batting: RHB Juan Pérez 0-0: Ball
1-0: Foul Ball, location: 2LF
1-1: Foul Ball, location: 2F
1-2: Fly out, F9 (Line Drive, 9, EV 91.3 MPH)
Top of the 9th over - 0 runs, 0 hits, 0 errors, 0 left on base; Dunedin 6 - Florida 2
BOTTOM OF THE 9TH
Florida Fire Frogs batting - Pitching for Dunedin Blue Jays : RHP Barrett Gray
Batting: RHB David Wood 0-0: Ball
1-0: Swinging Strike
1-1: Called Strike
1-2: Strikes out swinging
Pinch Hitting: LHB Luis Rivera 0-0: Ball
1-0: Ball
2-0: Ball
3-0: Called Strike
3-1: Base on Balls
Batting: RHB Jaden Cabrera 0-0: Swinging Strike
0-1: Grounds into double play, 6-4-3 (Groundball, 6, EV 82.5 MPH)
Bottom of the 9th over - 0 runs, 0 hits, 0 errors, 0 left on base; Dunedin 6 - Florida 2
Saturday, April 13th , 2024 - OOTP Baseball 24.11 Build 85